 Seeded DCSS version 0.30-a0-830-gfe289a77b0 (webtiles) character file.

Game seed: 9545873883287505910 (custom seed)

240 hikkokomori the Changer (level 5, 0/44 HPs)
             Began as a Demigod Transmuter on Mar 1, 2023.
             Slain by a water moccasin (9 damage)
             ... on level 4 of the Dungeon.
             The game lasted 00:04:51 (3459 turns).

hikkokomori the Changer (Demigod Transmuter)        Turns: 3459, Time: 00:04:51

Health: 0/44       AC:  2    Str: 15    XL:     5   Next: 50%
Magic:  10/10      EV: 12    Int: 18    God:
Gold:   211        SH:  0    Dex: 17    Spells: 4/7 levels left

rFire   + + .      SeeInvis +    m - +9 war axe of Kish {vamp, *Corrode rF+ Int+3 Dex+3}
rCold   . . .      Faith    .    (no shield)
rNeg    + . .      Spirit   .    a - +0 robe
rPois   .          Reflect  .    (helmet currently unavailable)
rElec   +          Harm     .    (no cloak)
rCorr   +          Rampage  .    (no gloves)
Will    .....                    (boots currently unavailable)
Stlth   +                        (no amulet)
HPRegen 0.27/turn                j - ring of resist corrosion
MPRegen 0.12/turn                c - ring of Luuvytt {rElec rF+ rN+ SInv Stlth-}

@: appendages
A: horns 2, talons 2, high MP 1, forlorn, divine attributes
a: End Transformation


You were on level 4 of the Dungeon.
You had temporarily grown beastly horns and talons.
You visited 2 branches of the dungeon, and saw 5 of its levels.

You collected 211 gold pieces.

Inventory:

Hand Weapons
 k - a +0 war axe
 m - the +9 war axe of Kish (weapon) {vamp, *Corrode rF+ Int+3 Dex+3}
   (You found it on level 3 of the Dungeon)

   Int:       It affects your intelligence (+3).
   Dex:       It affects your dexterity (+3).
   rF:        It protects you from fire.
   *Corrode:  It may corrode you when you take damage.
Missiles
 l - 6 javelins
Armour
 a - a +0 robe (worn)
 d - a +0 pair of boots (melded)
Jewellery
 c - the ring of Luuvytt (right hand) {rElec rF+ rN+ SInv Stlth-}
   (You acquired it on level 4 of the Dungeon)

   [ring of positive energy]

   rF:        It protects you from fire.
   rElec:     It insulates you from electricity.
   rN:        It protects you from negative energy.
   SInv:      It lets you see invisible.
   Stlth:     It makes you less stealthy.
 j - a ring of resist corrosion (left hand)
 n - a ring of positive energy
 p - a ring of positive energy
Scrolls
 e - a scroll of enchant weapon {unknown}
Potions
 b - a potion of lignification
 f - a potion of curing
 g - a potion of brilliance
 h - a potion of haste {unknown}
 i - 4 potions of flight
 o - a potion of degeneration
 q - a potion of might {unknown}
 r - a potion of invisibility {unknown}


   Skills:
 + Level 2.9 Fighting
 + Level 2.0 Axes
 - Level 2.0 Armour
 - Level 1.7 Dodging
 - Level 2.6 Unarmed Combat
 - Level 1.7 Spellcasting
 + Level 3.4 Transmutations


You had 4 spell levels left.
You knew the following spells:

 Your Spells              Type           Power      Damage    Failure   Level
a - Beastly Appendage     Tmut           26%        N/A       4%          1
b - Wereblood             Tmut           13%        N/A       7%          2

Your spell library contained the following spells:

 Spells                   Type           Power      Damage    Failure   Level
 Foxfire                  Conj/Fire      4%         2x1d4     19%         1
 Freeze                   Ice            4%         1d3       19%         1
 Lesser Beckoning         Tloc           2%         N/A       28%         2
 Spider Form              Tmut/Pois      7%         N/A       28%         3
 Frozen Ramparts          Ice            2%         1d1       50%         3
 Gell's Gravitas          Tloc           1%         N/A       50%         3
 Hailstorm                Conj/Ice       1%         3d3       50%         3
 Mephitic Cloud           Conj/Pois/Air  1%         N/A       50%         3
 Teleport Other           Tloc           1%         N/A       50%         3
 Ice Form                 Ice/Tmut       7%         N/A       67%         4
 Flame Wave               Conj/Fire      1%         2d4       88%         4
 Lightning Bolt           Conj/Air       0%         1d11      99%         5


Dungeon Overview and Level Annotations

Branches:
Dungeon (4/15)             Temple (1/1) D:4

Shops:
D:2 [   D:4 [


Innate Abilities, Weirdness & Mutations

You have temporarily grown beastly horns and talons.
You have an increased reservoir of magic. (+10% MP)
You shall have no god before yourself.
Your divine heritage dramatically boosts your attributes as you level up.


Message History

Your +0 pair of boots melds into your body.
The water moccasin closely misses you.
You barely miss the water moccasin. Your kick misses the water moccasin.
You headbutt the water moccasin, but do no damage.
The water moccasin bites you.
You are poisoned.
The water moccasin poisons you! The water moccasin bites you!
You are more poisoned.
The water moccasin poisons you!
You miss the water moccasin.
You feel extremely sick. The water moccasin closely misses you.
The water moccasin misses you.
You closely miss the water moccasin. Your kick misses the water moccasin.
Your headbutt misses the water moccasin.
You feel very sick. The water moccasin closely misses you.
The water moccasin bites you!
* * * LOW HITPOINT WARNING * * *
You are too injured to fight recklessly!
You feel better. The water moccasin misses you.
You closely miss the water moccasin.
The water moccasin barely misses you. x2
You slash the water moccasin!
You claw the water moccasin, but do no damage.
Your punch misses the water moccasin.
The water moccasin is moderately wounded.
The water moccasin bites you!
* * * LOW HITPOINT WARNING * * *
The water moccasin misses you.
You completely miss the water moccasin. Your kick misses the water moccasin.
The water moccasin is moderately wounded.
The water moccasin bites you.
* * * LOW HITPOINT WARNING * * *
The water moccasin closely misses you.
You hit the water moccasin.
You feel better.
The water moccasin is moderately wounded.
The water moccasin misses you. The water moccasin bites you.
* * * LOW HITPOINT WARNING * * *
You miss the water moccasin. You headbutt the water moccasin.
The water moccasin is heavily wounded.
The water moccasin closely misses you. The water moccasin bites you!
You die...

>#..........##)##.#####
....###..##...........#
....##......###._.###.#
....##....... #...#...#
######......#.##.##.#.##
#......#.......#..#
......####.####..#
..............#
..####@####..#
#..S....#..#
#.##.##.#..# .. ... ...#
#. ._. #..# .. .....
.... # ..... .## #######


You could see a water moccasin.

Vanquished Creatures
  A necrophage (D:4)
  A hound (D:4)
  An iguana (D:4)
  3 adders
  An ufetubus (D:4)
  2 worms
  A dart slug (D:2)
  An orc (D:4)
  6 ball pythons
  4 bats
  8 endoplasms
  6 giant cockroaches
  9 hobgoblins
  4 jackals (D:1)
  4 quokkas
  2 frilled lizards
  9 goblins
  7 kobolds
  3 rats
73 creatures vanquished.

Notes
Turn   | Place    | Note
-------+----------+-------------------------------------------
     0 | D:1      | hikkokomori the Demigod Transmuter began the quest for the
                  | Orb.
     0 | D:1      | Reached XP level 1. HP: 15/15 MP: 5/5
    36 | D:1      | Reached skill level 1 in Fighting
    67 | D:1      | Got the Vellum of the Eleven Servitors
   324 | D:1      | Reached skill level 2 in Transmutations
   376 | D:1      | Reached XP level 2. HP: 23/23 MP: 5/7
   696 | D:1      | Reached skill level 1 in Armour
   794 | D:2      | Found Talekk's Armour Shoppe.
  1043 | D:2      | Reached XP level 3. HP: 27/29 MP: 6/8
  2204 | D:3      | Identified the +9 war axe of Kish {vamp, *Corrode rF+ Int+3
                  | Dex+3}
  2482 | D:3      | Reached XP level 4. HP: 33/36 MP: 9/9
  2845 | D:4      | Found a staircase to the Ecumenical Temple.
  2846 | D:4      | Identified a scroll of acquirement
  2846 | D:4      | Acquired the ring of Luuvytt {rElec rF+ rN+ SInv Stlth-}
  2868 | Temple   | Entered the Ecumenical Temple
  2927 | D:4      | Found Roitt's Antique Armour Emporium.
  3005 | D:4      | Reached skill level 1 in Axes
  3037 | D:4      | Reached skill level 3 in Transmutations
  3059 | D:4      | Learned a level 2 spell: Wereblood
  3093 | D:4      | Reached XP level 5. HP: 39/42 MP: 10/10
  3447 | D:4      | Noticed a water moccasin
  3459 | D:4      | Slain by a water moccasin

Illustrated notes

Levels and vault maps discovered:
D:1:      doesnt_arrival_eight_statues, layout_loops_ring,
          ebering_ecumenical_altar_petrified
D:2:      layout_loops_corners, serial_shops, shop
D:3:      layout_basic
D:4:      layout_rooms, mainiacjoe_overflow_large_starburst,
          minmay_temple_entry_offerings, serial_shops, shop_statue,
          amethyst_killhole, supply_closet_lemuel
Temple:   hellmonk_temple_of_storms

Skill      XL: |  1  2  3  4  5 |
---------------+----------------+-----
Fighting       | 1 2 |  2.9
Transmutations | 2 3 |  3.4
Armour         | 1 2 |  2.0
Axes           | 1 2 |  2.0
Dodging        | |  1.7
Unarmed Combat | |  2.6
Spellcasting   | |  1.7

Action                     |  1- 3 |  4- 6 || total
---------------------------+-------+-------++-------
  Melee: Unarmed           |    74 |       ||    74
         Headbutt          |    12 |     2 ||    14
         Kick              |    10 |     1 ||    11
         Punch             |     2 |     1 ||     3
         War axe           |    66 |    51 ||   117
   Cast: Beastly Appendage |    19 |     2 ||    21
    Use: Scroll            |       |     8 ||     8
         Potion            |       |     1 ||     1
   Stab: Sleeping          |     2 |       ||     2
 Armour: Robe              |    37 |     8 ||    45
  Dodge: Dodged            |    89 |    35 ||   124

Table legend: (Time is in decaauts)
 A = Elapsed time spent in this place.
 B = Non-inter-level travel time spent in this place.
 C = Inter-level travel time spent in this place.
 D = Time resting spent in this place.
 E = Time spent auto-exploring this place.
 F = Levels seen in this place.
 G = Mean time per level.
                   A        B        C        D        E       F      G
               +--------+--------+--------+--------+--------+-----+--------+
         Total |   3506 |   3371 |    135 |      0 |   2791 |   5 |  701.2 |
       Dungeon |   3495 |   3360 |    135 |      0 |   2791 |   4 |  873.8 |
        Temple |     11 |     11 |      0 |      0 |      0 |   1 |   11.0 |
               +--------+--------+--------+--------+--------+-----+--------+

Top non-repeatable levels by time:
     D:2: 1059 daAuts
     D:3: 1022 daAuts
     D:1: 791 daAuts
     D:4: 622 daAuts
  Temple: 11 daAuts
